 Dungeon Crawl Stone Soup version 0.22-a0-271-gc000056 (webtiles) character file.

765 matakusis the Thaumaturge (level 7, -2/36 HPs)
             Began as a Deep Elf Summoner on Mar 11, 2018.
             Shot with an arrow by a centaur (3 damage)
             ... on level 6 of the Dungeon.
             The game lasted 00:35:21 (4461 turns).

matakusis the Thaumaturge (Deep Elf Summoner)       Turns: 4461, Time: 00:35:22

Health: -2/36      AC:  6    Str:  5    XL:     7   Next: 52%
Magic:  7/20       EV: 27    Int: 22    God:
Gold:   194        SH:  0    Dex: 15    Spells: 12/22 levels left

rFire    + . .     SeeInvis .   i - +2 dagger (elec)
rCold    . . .     Gourm    .   (no shield)
rNeg     . . .     Faith    .   m - +1 leather armour {rF+}
rPois    .         Spirit   .   (no helmet)
rElec    .         Reflect  .   (no cloak)
rCorr    .         Harm     .   o - +0 pair of gloves
MR       .....                  n - +0 pair of boots
Stlth    ++........             d - amulet of the acrobat
HPRegen  0.12/turn              (no ring)
MPRegen  0.17/turn              (no ring)

@: very slightly contaminated
A: no striking features
a: no special abilities


You were on level 6 of the Dungeon.
You were full.

You visited 1 branch of the dungeon, and saw 6 of its levels.

You collected 194 gold pieces.

Inventory:

Hand Weapons
 i - a +2 dagger of electrocution (weapon)
Missiles
 f - 96 arrows
Armour
 m - a +1 leather armour of fire resistance (worn)
 n - a +0 pair of boots (worn)
 o - a +0 pair of gloves (worn)
Jewellery
 d - an amulet of the acrobat (around neck)
 e - an uncursed amulet of the gourmand
Scrolls
 g - 3 scrolls of remove curse
 h - 4 scrolls of identify
 p - a scroll of teleportation
Potions
 b - a potion of berserk rage
 j - a potion of ambrosia
 k - a potion of might
 l - 2 potions of curing
Comestibles
 a - 7 chunks of flesh
 c - 10 rations


   Skills:
 - Level 2.4 Dodging
 - Level 2.4 Stealth
 + Level 8.2 Spellcasting
 + Level 7.7 Summonings
 + Level 1.6 Ice Magic
 - Level 0.1 Air Magic


You had 12 spell levels left.
You knew the following spells:

 Your Spells              Type           Power        Failure   Level  Hunger
b - Call Imp              Summ           #####...     1%          2    None
c - Summon Ice Beast      Ice/Summ       ####....     17%         4    ###....
d - Summon Lightning Spi  Summ/Air       ####....     24%         4    ###....


Dungeon Overview and Level Annotations

Branches:
Dungeon (6/15)
 Temple: D:4-7

Altars:
Ashenzari
Cheibriados
Fedhas
Qazlal


Message History

Aim: a centaur, wielding a shortbow of freezing Attack!
The centaur shoots an arrow.
The arrow hits your ice beast but does no damage.
The centaur shoots an arrow.
The arrow hits your ice beast.
The centaur shoots an arrow.
The arrow barely misses your ice beast. The arrow hits your crimson imp!
The arrow freezes your crimson imp.
Your crimson imp dies!
Your ice beast hits the centaur.
Your ice beast freezes the centaur.
The centaur shoots an arrow.
The arrow misses your ice beast. The arrow hits you! The arrow freezes you.
Your ice beast barely misses the centaur.
The centaur shoots an arrow.
The arrow hits your ice beast.
Your ice beast hits the centaur but does no damage.
The centaur shoots an arrow.
The arrow hits your ice beast.
The centaur shoots an arrow.
The arrow closely misses your ice beast.
The arrow hits you!
* * * LOW HITPOINT WARNING * * *
The arrow freezes you.
You die...

### ##.#### #.....#
#...(.# #.....#
#.c...# #####Y#
##..##(#######
#......@.....#
#............#
#............+
#............#
####(..###...#
##...##########+######
#.................#...
#.................#...
#.................#...


You could see a centaur and a friendly ice beast.

Vanquished Creatures
  An orc wizard (D:5)
  A gnoll (D:4)
  2 adders
  A giant cockroach (D:2)
  A jackal (D:2)
  A quokka (D:2)
  3 bats
  A kobold (D:2)
  4 rats
15 creatures vanquished.

Vanquished Creatures (collateral kills)
  Sigmund (D:4)
  Eustachio (D:4)
  A necrophage (D:6)
  An ogre (D:5)
  5 wights (D:6)
  A crimson imp (D:5)
  A hound (D:6)
  3 orc priests (D:5)
  A bullfrog skeleton (D:5)
  3 orc wizards
  4 worker ants
  14 gnolls
  11 adders
  2 oozes
  2 worms
  4 dart slugs
  2 leopard geckos
  11 orcs
  3 giant cockroaches
  4 goblins (D:1)
  5 hobgoblins
  9 jackals
  5 kobolds
  A quokka (D:3)
  4 bats
  4 frilled lizards
  A quokka skeleton (D:5)
  8 rats
  A plant (D:2)
113 creatures vanquished.

Vanquished Creatures (others)
  2 plants (D:2)
2 creatures vanquished.

Grand Total: 130 creatures vanquished

Notes
Turn   | Place    | Note
-------+----------+-------------------------------------------
     0 | D:1      | matakusis the Deep Elf Summoner began the quest for the Orb.
     0 | D:1      | Reached XP level 1. HP: 10/10 MP: 6/6
    92 | D:1      | Found a shattered altar of Ashenzari.
   377 | D:1      | Reached XP level 2. HP: 10/15 MP: 2/8
   404 | D:1      | Learned a level 2 spell: Call Imp
   920 | D:1      | Reached skill level 5 in Summonings
  1255 | D:2      | Reached XP level 3. HP: 5/19 MP: 3/10
  1261 | D:2      | Reached skill level 4 in Spellcasting
  1746 | D:2      | Reached XP level 4. HP: 23/24 MP: 2/12
  2065 | D:3      | Learned a level 4 spell: Summon Ice Beast
  2070 | D:3      | Learned a level 4 spell: Summon Lightning Spire
  2314 | D:3      | Reached skill level 5 in Spellcasting
  2682 | D:4      | Noticed Sigmund
  2693 | D:4      | Killed Sigmund
  2693 | D:4      | Reached XP level 5. HP: 18/28 MP: 2/15
  2791 | D:4      | Noticed Eustachio
  2817 | D:4      | Killed Eustachio
  2817 | D:4      | Reached skill level 6 in Spellcasting
  2817 | D:4      | Reached XP level 6. HP: 32/32 MP: 11/17
  2992 | D:4      | Found a blossoming altar of Fedhas.
  2992 | D:4      | Found a stormy altar of Qazlal.
  3471 | D:5      | Entered Level 5 of the Dungeon
  3507 | D:5      | Found a snail-covered altar of Cheibriados.
  3554 | D:5      | Reached skill level 7 in Spellcasting
  3797 | D:5      | Reached skill level 1 in Ice Magic
  4014 | D:5      | Reached XP level 7. HP: 32/36 MP: 14/19
  4407 | D:6      | Reached skill level 8 in Spellcasting
  4461 | D:6      | HP: 1/36 [centaur/arrow (12)]
  4461 | D:6      | Shot with an arrow by a centaur

Vault maps used:
D:1:      giann_wishing_wells, st_stairs_11, kennysheep_crisscross,
          minivault_11, hangedman_glass_teeth, minivault_5,
          nicolae_ashenzari_panopticon
D:2:      hangedman_decor_clover_reticule, hangedman_decor_peaks_small,
          serial_bayou_lagoon_a, cheibrodos_gnoll_hut
D:3:      first_ration
D:4:      nicolae_overflow_hidden_temple, uniq_sigmund, uniq_eustachio
D:5:      kennysheep_mini
D:6:      serial_shops, nicolae_shop_stone, kennysheep_generic_room_10,
          uniq_pikel, uniq_duvessa, uniq_menkaure, uniq_edmund

Skill      XL: |  1  2  3  4  5  6  7 |
---------------+----------------------+-----
Summonings     | 5 6 7 |  7.7
Spellcasting   | 4 5 6 7 8 |  8.2
Ice Magic      | 1 |  1.6
Dodging        | |  2.4
Stealth        | |  2.4
Air Magic      | |  0.1

Action                   |  1- 3 |  4- 6 |  7- 9 || total
-------------------------+-------+-------+-------++-------
Melee: Short sword       |     1 |       |       ||     1
       Dagger            |    20 |    22 |       ||    42
 Cast: Summon Small Mamm |    20 |       |       ||    20
       Call Imp          |    35 |    42 |     2 ||    79
       Summon Ice Beast  |       |    10 |     7 ||    17
       Summon Lightning  |       |     8 |     4 ||    12
  Use: Potion            |     4 |       |       ||     4
       Scroll            |     4 |     3 |     2 ||     9
 Stab: Sleeping          |     1 |       |       ||     1
       Distracted        |       |     1 |       ||     1
  Eat: Chunk             |    17 |     9 |       ||    26
Armor: Robe              |     6 |       |       ||     6
       Leather armour    |       |     2 |       ||     2
Dodge: Dodged            |    34 |    36 |     3 ||    73

Table legend:
 A = Spawn XP
 B = Non-spawn XP
 C = Spawn XP percentage of total XP
 D = Spawn monster count
 E = Non-spawn monster count
 F = Spawn count percentage of total count
 G = Total turns spent on level
                    A         B        C        D         E        F      G
               +---------+---------+-------+---------+---------+-------+---------
         Total |       0 |    1094 |   0.0 |       0 |     127 |   0.0 |  4461
               +---------+---------+-------+---------+---------+-------+---------
           D:1 |       0 |      26 |   0.0 |       0 |      23 |   0.0 |  1374
           D:2 |       0 |      80 |   0.0 |       0 |      31 |   0.0 |   679
           D:3 |       0 |      68 |   0.0 |       0 |      18 |   0.0 |   603
           D:4 |       0 |     366 |   0.0 |       0 |      21 |   0.0 |   815
           D:5 |       0 |     315 |   0.0 |       0 |      23 |   0.0 |   799
           D:6 |       0 |     239 |   0.0 |       0 |      11 |   0.0 |   191
               +---------+---------+-------+---------+---------+-------+---------
